 Dungeon Crawl Stone Soup version 0.22.0-18-ge075c0d (webtiles) character file.

472 letownia2 the Insei (level 6, -1/47 HPs)
             Began as a Demonspawn Transmuter on Aug 18, 2018.
             Slain by an ice beast (12 damage)
             ... on level 5 of the Dungeon.
             The game lasted 00:09:51 (1714 turns).

letownia2 the Insei (Demonspawn Transmuter)         Turns: 1714, Time: 00:09:51

Health: -1/47      AC:  2    Str: 12    XL:     6   Next: 83%
Magic:  7/9        EV: 19    Int: 14    God:
Gold:   102        SH:  4    Dex: 21    Spells: 3/9 levels left

rFire    . . .     SeeInvis .     - Unarmed
rCold    . . .     Gourm    .   (shield currently unavailable)
rNeg     . . .     Faith    .   (armour currently unavailable)
rPois    x         Spirit   .   (helmet currently unavailable)
rElec    .         Reflect  +   (cloak currently unavailable)
rCorr    .         Harm     .   (gloves currently unavailable)
MR       .....                  (boots unavailable)
Stlth    ++........             A - +4 amulet of reflection
HPRegen  0.15/turn              (no ring)
MPRegen  0.11/turn              w - +2 ring of dexterity

@: spider-form (expiring)
A: tiny
a: End Transformation


You were on level 5 of the Dungeon.
You were not hungry.
You were a venomous arachnid creature.
You visited 1 branch of the dungeon, and saw 5 of its levels.

You collected 102 gold pieces.

Inventory:

Hand Weapons
 b - a +2 shortbow of velocity
 x - a +0 hunting sling
Missiles
 a - 24 arrows
 o - 32 sling bullets
 u - 8 javelins (quivered)
Armour
 n - a +1 pair of gloves (melded)
 s - a +0 cloak (melded)
 t - a +0 helmet
 C - a +0 ring mail (melded)
Jewellery
 m - an uncursed ring of fire
 w - a +2 ring of dexterity (right front leg)
 A - a +4 amulet of reflection (around neck)
Wands
 y - a wand of digging (9)
Scrolls
 c - 4 scrolls of teleportation {unknown}
 f - 8 scrolls of remove curse {unknown}
 h - 4 scrolls of identify {unknown}
 k - a scroll of enchant weapon {unknown}
 p - 2 scrolls of amnesia {unknown}
 q - 3 scrolls of magic mapping {unknown}
 r - a scroll of blinking {unknown}
 v - a scroll of fog {unknown}
 z - a scroll of random uselessness {unknown}
Potions
 e - 3 potions of brilliance
 g - a potion of haste {unknown}
 i - 3 potions of lignification {unknown}
 l - 2 potions of curing {unknown}
 B - a potion of degeneration {unknown}
Comestibles
 d - 6 rations


   Skills:
 - Level 3.0 Fighting
 - Level 1.7 Dodging
 + Level 6.3 Unarmed Combat
 - Level 2.0 Spellcasting
 - Level 1.7 Transmutations
 - Level 1.4 Poison Magic


You had 3 spell levels left.
You knew the following spells:

 Your Spells              Type           Power        Failure   Level  Hunger
a - Beastly Appendage     Tmut           #.....       28%         1    ##.....
l - Sticks to Snakes      Tmut           #.......     36%         2    ###....
p - Spider Form           Tmut/Pois      #.........   58%         3    ####...

Your spell library contained the following spells:

 Spells                   Type           Power        Failure   Level  Hunger
 Ice Form                 Ice/Tmut       #.......     95%         4    #####..
 Blade Hands              Tmut           #.........   99%         5    ######.


Dungeon Overview and Level Annotations

Branches:
Dungeon (5/15)
 Temple: D:4-7

Altars:


Innate Abilities, Weirdness & Mutations

((You have claws for feet.))


Message History

The ice beast hits you. The ice beast freezes you!
You hit the ice beast but do no damage.
The ice beast is moderately wounded.
The ice beast hits you. The ice beast freezes you!
* * * LOW HITPOINT WARNING * * *
Unknown command.
Found 10 stones.
The crimson imp blinks!
Found a cyan potion.
The crimson imp blinks!
You hit the crimson imp.
The crimson imp is moderately wounded.
The crimson imp blinks!
You hit the ice beast but do no damage.
The ice beast looks as sick as possible!
The ice beast is severely wounded.
The ice beast hits you.
* * * LOW HITPOINT WARNING * * *
The ice beast freezes you!
You die...

# # ##.#.
.....######
#.....#ยง.#
#........#
#...5#
#....###
#....Y.#
........#s#
.#...!#.#.#
#......#.#
#.........
(......##..
.......
.#.# ....!
. .# . .#


You could see an ice beast and a crimson imp.

Vanquished Creatures
  Sigmund (D:3)
  A centaur (D:5)
  Natasha (D:3)
  A worker ant (D:4)
  4 adders
  6 gnolls
  2 adder zombies (D:3)
  2 adder skeletons (D:3)
  A dart slug (D:1)
  4 leopard geckos
  An orc (D:3)
  4 giant cockroaches
  6 goblins
  6 hobgoblins
  11 jackals
  3 quokkas
  A ball python (D:1)
  11 bats
  5 frilled lizards
  6 kobolds
  A quokka skeleton (D:3)
  7 rats
85 creatures vanquished.

Vanquished Creatures (collateral kills)
  A kobold (D:3)
1 creature vanquished.

Grand Total: 86 creatures vanquished

Notes
Turn   | Place    | Note
-------+----------+-------------------------------------------
     0 | D:1      | letownia2 the Demonspawn Transmuter began the quest for the Orb.
     0 | D:1      | Reached XP level 1. HP: 15/15 MP: 3/3
   157 | D:1      | Reached skill level 3 in Unarmed Combat
   221 | D:1      | Mutation became permanent: You have razor-sharp toenails. [demonic ancestry]
   221 | D:1      | Gained mutation: You have claws for feet. [demonic ancestry]
   221 | D:1      | Reached XP level 2. HP: 15/21 MP: 3/5
   504 | D:2      | Reached XP level 3. HP: 13/27 MP: 3/6
   594 | D:3      | Noticed Sigmund
   895 | D:2      | Gained mutation: You have razor-sharp toenails. [demonic ancestry]
   895 | D:2      | Reached XP level 4. HP: 5/34 MP: 4/7
   899 | D:2      | Learned a level 2 spell: Sticks to Snakes
   903 | D:2      | Learned a level 3 spell: Spider Form
   985 | D:3      | HP: 1/35 [poisoned by an adder]
  1112 | D:3      | Reached skill level 4 in Unarmed Combat
  1172 | D:3      | Noticed Natasha
  1186 | D:3      | Killed Natasha
  1186 | D:3      | Reached skill level 1 in Poison Magic
  1186 | D:3      | Reached XP level 5. HP: 16/41 MP: 4/8
  1553 | D:3      | Killed Sigmund
  1553 | D:3      | Reached skill level 5 in Unarmed Combat
  1553 | D:3      | Gained mutation: You have claws for feet. [demonic ancestry]
  1553 | D:3      | Reached XP level 6. HP: 27/47 MP: 6/9
  1613 | D:5      | Entered Level 5 of the Dungeon
  1618 | D:5      | Reached skill level 6 in Unarmed Combat
  1701 | D:5      | Noticed an ice beast
  1714 | D:5      | Slain by an ice beast

Skill      XL: |  1  2  3  4  5  6 |
---------------+-------------------+-----
Unarmed Combat | 3 4 5 6 |  6.3
Fighting       | 2 3 |  3.0
Poison Magic   | 1 |  1.4
Dodging        | |  1.7
Spellcasting   | |  2.0
Transmutations | |  1.7

Action                   |  1- 3 |  4- 6 || total
-------------------------+-------+-------++-------
Melee: Unarmed           |   124 |   133 ||   257
       Headbutt          |     9 |     8 ||    17
       Kick              |    23 |    21 ||    44
       Punch             |     1 |     2 ||     3
 Cast: Beastly Appendage |    26 |    15 ||    41
       Spider Form       |       |     8 ||     8
       Sticks to Snakes  |       |     1 ||     1
  Use: Potion            |       |     1 ||     1
  Eat: Chunk             |       |     5 ||     5
Armor: Robe              |     4 |       ||     4
       Leather armour    |    30 |    17 ||    47
       Skin              |       |     1 ||     1
       Ring mail         |       |     8 ||     8
Dodge: Dodged            |    98 |    92 ||   190
Block: Other             |       |     8 ||     8
